Map: Abyssal Reef LE

Players

BackupA - Winner!

  • Race: Zerg Zerg
  • Spawn Location: 11:00

MediamanoEZ

  • Race: Protoss Protoss
  • Spawn Location: 5:00

Event: WCS Valencia 2017

VOD

Have the link to the VOD?

Description

Time

  • Played on: July 13, 2017, 7:19 a.m.
  • Length: 11:25

All games in this series

Show
View Real Time Build Order
Export as new Build Order

BackupA Zerg - Winner!

Build Orders: Hatch First 

Get SALT Encoding   

  12  0:01  Drone  
  13  0:13  Overlord  
  13  0:17  Drone  
  14  0:32  Drone x2  
  14  0:35  Drone  
  17  0:56  Drone  
  18  0:59  Drone  
  18  1:00  Hatchery  
  18  1:01  Extractor  
  17  1:15  Spawning Pool  
  17  1:18  Drone  
  17  1:20  Drone  
  18  1:32  Drone  
  19  1:45  Overlord  
  19  2:01  Queen  
  19  2:02  Zergling x2, Metabolic Boost  
  19  2:04  Zergling x2  
  23  2:12  Queen  
  23  2:13  Drone x2  
  27  2:27  Drone x2  
  29  2:34  Drone x2  
  31  2:40  Pneumatized Carapace  
  31  2:50  Hatchery  
  30  2:58  Overlord  
  30  3:00  Drone  
  30  3:02  Drone  
  30  3:05  Zergling x2  
  33  3:10  Drone x3  
  36  3:18  Overlord  
  36  3:25  Drone x3  
  39  3:30  Queen  
  39  3:34  Drone  
  42  3:42  Drone x2  
  42  3:45  Baneling Nest  
  43  3:50  Zergling x4  
  45  3:59  Zergling x4  
  47  4:06  Drone x2  
  49  4:12  Drone  
  49  4:15  Lair, Zergling x4  
  52  4:22  Drone x2  
  52  4:24  Spore Crawler  
  53  4:27  Zergling x4  
  55  4:32  Spore Crawler  
  55  4:33  Drone x2  
  55  4:34  Overlord  
  56  4:41  Drone  
  56  4:42  Roach Warren, Drone  
  57  4:47  Zergling x2  
  57  4:48  Overlord  
  57  4:52  Baneling x4, Spine Crawler  
  58  4:53  Baneling x2  
  58  4:55  Spore Crawler, Drone  
  56  5:03  Extractor, Drone x2  
  56  5:04  Drone x3  
  60  5:13  Overlord  
  60  5:16  Overseer  
  60  5:19  Drone x2  
  60  5:20  Overlord  
  62  5:25  Zergling x2, Drone x2  
  62  5:26  Extractor, Zergling x2  
  62  5:27  Drone x3  
  67  5:28  Glial Reconstitution  
  67  5:32  Drone  
  67  5:33  Extractor, Drone x3  
  70  5:37  Roach  
  70  5:38  Roach  
  70  5:49  Zergling x2  
  62  5:50  Zergling x6  
  62  5:55  Roach x3  
  70  6:01  Drone x2  
  70  6:02  Drone  
  73  6:05  Drone x3  
  73  6:10  Drone  
  73  6:11  Drone  
  76  6:17  Queen  
  78  6:19  Drone  
  78  6:22  Drone x3  
  82  6:28  Roach x2  
  82  6:32  Spore Crawler  
  85  6:33  Spore Crawler  
  85  6:34  Roach x3  
  90  6:42  Overlord x2  
  90  6:55  Overlord x2  
  90  7:00  Queen  
  92  7:04  Drone x6  
  92  7:07  Extractor  
  96  7:09  Hydralisk Den  
  96  7:12  Extractor  
  96  7:13  Evolution Chamber  
  96  7:15  Drone x4  
  96  7:16  Drone  
  96  7:22  Overlord  
  98  7:26  Hatchery, Drone x3  
  100  7:35  Overlord x2  
  100  7:36  Overlord  
  100  7:40  Zerg Missile Weapons Level 1  
  100  7:41  Muscular Augments  
  100  7:43  Baneling x3  
  100  7:44  Hydralisk, Baneling x3  
  100  7:50  Hydralisk x3  
  108  8:08  Hydralisk x5  
  116  8:15  Hydralisk x5  
  120  8:20  Hydralisk x3  
  123  8:27  Hydralisk x2  
  123  8:28  Hydralisk  
  123  8:32  Drone x2  
  131  8:40  Hydralisk  
  131  8:41  Hydralisk x3  
  131  8:44  Drone x2  
  139  8:49  Centrifical Hooks  
  139  8:55  Extractor, Drone x3  
  141  8:57  Zergling x8  
  141  8:58  Zergling x4  
  142  9:11  Hydralisk x5  
  152  9:18  Overlord x4  
  152  9:21  Extractor  
  152  9:23  Spore Crawler  
  148  9:36  Zergling x10  
  148  9:38  Baneling x4  
  146  9:42  Zergling x2  
  146  9:43  Zergling x24  
  159  9:46  Zergling x4  
  159  9:49  Drone  
  159  9:50  Drone x2  
  159  9:51  Overlord x3  
  164  9:56  Ravager  
  164  9:57  Ravager x4  
  169  10:01  Baneling x2  
  169  10:02  Baneling x2  
  169  10:03  Baneling x2  
  169  10:04  Baneling x4  
  169  10:05  Baneling x2  
  169  10:12  Overseer  
  169  10:17  Overseer  
  169  10:18  Drone  
  169  10:19  Spine Crawler x2  
  167  10:29  Hatchery  
  167  10:30  Zergling x2  
  167  10:31  Zergling x6  
  167  10:33  Drone x2  
  172  10:38  Baneling x10  
  172  10:39  Baneling x4  
  172  10:44  Zergling x6  
  175  10:50  Zergling x4  
  175  10:54  Baneling x2  
  175  10:55  Baneling x2  
  175  10:56  Overlord  
  175  10:57  Overlord  
Show
View Real Time Build Order
Export as new Build Order

MediamanoEZ Protoss 

Build Orders: Zealot Archon, Dark Templar Rush 

Get SALT Encoding   

  12  0:01  Probe (Chrono Boost)  
  13  0:11  Probe (Chrono Boost)  
  14  0:22  Pylon  
  14  0:24  Probe (Chrono Boost)  
  15  0:40  Probe (Chrono Boost)  
  16  0:51  Probe (Chrono Boost)  
  16  0:54  Pylon  
  17  1:01  Probe (Chrono Boost)  
  18  1:12  Nexus  
  18  1:22  Probe (Chrono Boost)  
  19  1:27  Gateway  
  19  1:32  Probe (Chrono Boost)  
  20  1:41  Assimilator  
  20  1:45  Assimilator  
  21  1:47  Probe (Chrono Boost)  
  21  1:53  Pylon  
  21  2:01  Probe (Chrono Boost)  
  22  2:15  Cybernetics Core  
  22  2:17  Zealot  
  22  2:22  Probe (Chrono Boost)  
  25  2:25  Probe (Chrono Boost)  
  26  2:32  Probe (Chrono Boost)  
  26  2:35  Probe (Chrono Boost)  
  28  2:43  Probe (Chrono Boost)  
  29  2:46  Probe (Chrono Boost)  
  29  2:47  Pylon  
  30  2:53  Probe (Chrono Boost)  
  30  2:55  Warp Gate  
  30  2:56  Probe (Chrono Boost)  
  32  3:00  Twilight Council  
  32  3:01  Pylon  
  32  3:04  Probe (Chrono Boost)  
  33  3:07  Probe (Chrono Boost)  
  33  3:10  Adept  
  35  3:15  Probe (Chrono Boost)  
  35  3:17  Probe (Chrono Boost)  
  35  3:18  Pylon  
  37  3:26  Probe (Chrono Boost)  
  38  3:28  Probe (Chrono Boost)  
  38  3:32  Assimilator  
  39  3:35  Assimilator  
  39  3:36  Probe (Chrono Boost)  
  39  3:38  Probe (Chrono Boost)  
  41  3:44  Dark Shrine  
  41  3:47  Probe (Chrono Boost)  
  42  3:49  Probe (Chrono Boost)  
  43  3:59  Gateway  
  43  4:00  Mothership Core (Chrono Boost)  
  43  4:02  Gateway  
  45  4:05  Gateway  
  45  4:13  Gateway  
  45  4:18  Gateway  
  45  4:19  Gateway  
  45  4:20  Probe x2 (Chrono Boost)  
  47  4:30  Probe (Chrono Boost)  
  47  4:31  Probe (Chrono Boost)  
  49  4:44  Nexus  
  49  4:48  Probe x2 (Chrono Boost)  
  50  4:59  Probe x2 (Chrono Boost)  
  52  5:04  Dark Templar  
  52  5:05  Dark Templar x2  
  58  5:19  Probe x2 (Chrono Boost)  
  60  5:22  Pylon  
  60  5:25  Pylon, Dark Templar  
  60  5:26  Dark Templar x2  
  66  5:45  Dark Templar  
  66  5:46  Dark Templar x2  
  58  6:03  Probe x2 (Chrono Boost)  
  60  6:06  Gateway  
  60  6:07  Gateway  
  60  6:10  Gateway  
  56  6:13  Robotics Facility  
  56  6:14  Probe x2 (Chrono Boost)  
  56  6:18  Robotics Facility  
  58  6:24  Probe x2 (Chrono Boost)  
  60  6:34  Sentry  
  60  6:35  Probe x2 (Chrono Boost), Sentry  
  66  6:44  Dark Templar x2  
  66  6:45  Probe x2 (Chrono Boost)  
  72  6:49  Probe (Chrono Boost)  
  72  6:50  Assimilator  
  72  6:53  Archon  
  73  6:54  Assimilator  
  73  6:56  Probe x2 (Chrono Boost)  
  73  6:59  Probe (Chrono Boost)  
  76  7:06  Probe x2 (Chrono Boost)  
  78  7:09  Charge, Probe (Chrono Boost)  
  78  7:11  Immortal x2 (Chrono Boost)  
  78  7:15  Zealot  
  89  7:17  Zealot, Probe  
  92  7:23  Pylon, Probe  
  92  7:24  Pylon  
  92  7:25  Pylon  
  93  7:31  Pylon  
  93  7:32  Pylon  
  93  7:39  Probe  
  93  7:41  Probe, Gateway  
  95  7:47  Immortal x2 (Chrono Boost)  
  95  7:51  Zealot x3  
  107  7:55  Sentry x3  
  115  8:01  Probe x2  
  115  8:02  Probe  
  118  8:13  Probe  
  118  8:19  Stalker  
  109  8:20  Stalker x4  
  109  8:21  Stalker x2  
  118  8:33  Probe  
  117  8:34  Probe x2  
  118  8:43  Probe  
  118  8:46  Probe x2  
  121  8:49  Zealot x3  
  121  8:50  Zealot x3  
  133  8:58  Pylon  
  133  9:00  Pylon  
  133  9:04  Probe  
  133  9:05  Probe x2  
  128  9:10  Pylon  
  128  9:12  Pylon  
  128  9:16  Dark Templar  
  130  9:17  Probe, Dark Templar x2  
  130  9:18  Dark Templar  
  137  9:26  Probe  
  137  9:27  Probe  
  129  9:39  Zealot x5  
  129  9:40  Probe  
  129  9:41  Probe  
  129  9:43  Templar Archives  
  141  9:47  Stalker  
  141  9:50  Stalker x2  
  141  9:51  Stalker  
  149  9:53  Stalker  
  151  10:05  Probe x2  
  153  10:08  Zealot  
  153  10:09  Zealot x4  
  155  10:29  Probe  
  155  10:30  Probe  
  155  10:31  High Templar x2  
  155  10:32  High Templar x2  
  165  10:42  Pylon  
  165  10:44  Pylon  
  165  10:45  Pylon  
  165  10:48  Pylon  
  165  10:49  Pylon  
  153  11:04  Robotics Bay  
  121  11:16  Zealot x2  
  121  11:17  Zealot x4  
  121  11:18  Zealot x3  
Tags
 
Add a new tag
Caveats
  • Supply blocks, unpowered buildings, or Contaminate may cause inaccurate times.
  • Supply counts are checked every 10 seconds.